AoeStats
← muelaluis19

MegaRandom

510480278Analyzed
2v2 RM · 10h ago on Oct 1, 2026· 52m 5s· 4 players
Game mode
Random Map
Map size
Medium (4 player)
Population
200
Speed
Normal
Resources
Standard
Victory
Conquest
Starting age
Dark Age
Ending age
Imperial Age
RankedLock teamsTeams togetherTeam positionsShared explorationLock speedFull tech treeHidden civsTurbo modeCheats
Victory
Defeat
🇩🇪 Byzantines · Germany
826
+12
🇻🇳 Vietnamese · Vietnam
782
+27
🇲🇽 Khmer · Mexico
738
-13
🇵🇪 Bulgarians · Peru
727
-13
sandy
0:48 Loom
12:39 Feudal Age
13:03 Horse Collar
13:12 Double-Bit Axe
27:03 Castle Age
25:38 Scale Mail Armor
28:38 Heavy Plow
28:53 Bow Saw
29:30 Thumb Ring
28:46 Elite Skirmisher
28:48 Pikeman
29:29 Squires
32:23 Scale Barding Armor
33:08 Gold Mining
33:31 Stone Mining
40:48 Imperial Age
39:07 Wheelbarrow
40:46 Ballistics
40:21 Murder Holes
45:02 Forging
45:13 Chain Barding Armor
44:43 Fletching
45:09 Chain Mail Armor
44:55 Padded Archer Armor
46:53 Hand Cart
47:39 Iron Casting
48:08 Elite Cataphract
50:17 Plate Barding Armor
49:57 Leather Archer Armor
49:38 Bodkin Arrow
50:21 Imperial Skirmisher
htptriet
5:19 Loom
11:54 Feudal Age
12:30 Double-Bit Axe
22:34 Castle Age
21:31 Fletching
22:41 Horse Collar
23:43 Thumb Ring
23:01 Crossbowman
24:01 Pikeman
26:48 Squires
29:47 Bodkin Arrow
30:05 Forging
35:53 Imperial Age
36:04 Arbalester
38:17 Bracer
40:49 Chemistry
41:34 Ballistics
41:36 Padded Archer Armor
42:33 Wheelbarrow
42:24 Heavy Plow
42:41 Leather Archer Armor
muelaluis19
13:05 Feudal Age
16:59 Double-Bit Axe
16:58 Horse Collar
19:30 Castle Age
18:17 Loom
30:52 Imperial Age
29:35 Double-Bit Axe
31:27 Gold Mining
33:24 Elite Skirmisher
34:50 Gold Shaft Mining
36:42 Padded Archer Armor
38:04 Stone Mining
39:08 Cavalier
47:18 Husbandry
49:22 Forging
49:18 Scale Barding Armor
Patt
4:03 Loom
14:59 Feudal Age
16:41 Double-Bit Axe
17:03 Arson
20:12 Gold Mining
23:32 Scale Mail Armor
23:43 Forging
31:01 Castle Age
31:32 Stone Mining
35:21 Gold Shaft Mining
35:40 Iron Casting
35:20 Chain Mail Armor
38:35 Elite Skirmisher
41:14 Ballistics
41:06 Masonry
Connection lost

Rejoining the realm…

Still unreachable

The connection could not be restored.

Session expired

The server has moved on; the page needs a fresh start.